 Dungeon Crawl Stone Soup version 0.27.1-3-gb3d3a73c9e (webtiles) character file.

Game seed: 13877263701164846626

163 Turgor the Firebug (level 5, -1/35 HPs)
             Began as a Demonspawn Fire Elementalist on Oct 23, 2021.
             Succumbed to a kobold brigand's curare-tipped dart
             ... in a sewer.
             The game lasted 00:18:50 (2658 turns).

Turgor the Firebug (Demonspawn Fire Elementalist)   Turns: 2658, Time: 00:18:51

Health: -1/35      AC:  2    Str:  8    XL:     5   Next: 20%
Magic:  5/9        EV: 12    Int: 18    God:
Gold:   136        SH:  0    Dex: 13    Spells: 6/10 levels left

rFire    . . .     SeeInvis .   b - +0 dagger
rCold    . . .     Faith    .   (no shield)
rNeg     . . .     Spirit   .   a - +0 robe
rPois    .         Reflect  .   (no helmet)
rElec    .         Harm     .   (no cloak)
rCorr    .         Rampage  .   (no gloves)
Will     .....                  (no boots)
Stlth    ++........             (no amulet)
HPRegen  0.11/turn              (no ring)
MPRegen  0.11/turn              (no ring)

@: lethally poisoned (-1 -> -9), about to teleport
A: claws 2, demonic guardian 2
a: no special abilities


You were in a sewer.
You visited 1 branch of the dungeon, and saw 3 of its levels.
You also visited: Sewer.

You collected 136 gold pieces.

Inventory:

Hand Weapons
 b - a +0 dagger (weapon)
 n - a +0 short sword
Missiles
 c - 92 stones
Armour
 a - a +0 robe (worn)
Jewellery
 f - a ring of ice
 k - an amulet of faith
Scrolls
 d - a scroll of vulnerability {unknown}
 e - a scroll of identify
 g - a scroll of enchant armour {unknown}
 i - a scroll of acquirement {unknown}
 j - a scroll of teleportation
 l - a scroll of noise {unknown}
Potions
 h - a potion of cancellation
 m - a potion of might


   Skills:
 - Level 1.7 Dodging
 - Level 1.7 Stealth
 + Level 3.3 Spellcasting
 + Level 2.9 Conjurations
 + Level 3.8 Fire Magic


You had 6 spell levels left.
You knew the following spells:

 Your Spells              Type           Power      Damage    Failure   Level
a - Foxfire               Conj/Fire      60%        2x1d7     4%          1
b - Conjure Flame         Conj/Fire      15%        6-21      12%         3

Your spell library contained the following spells:

 Spells                   Type           Power      Damage    Failure   Level
 Inner Flame              Hex/Fire       9%         N/A       22%         3
 Sticky Flame             Conj/Fire      15%        2d4       36%         4
 Fireball                 Conj/Fire      7%         3d5       73%         5


Dungeon Overview and Level Annotations

Branches:
Dungeon (3/15)              Sewer (1/1)

Altars:


Innate Abilities, Weirdness & Mutations

You have very sharp fingernails.
A demonic guardian rushes to your aid.


Message History

Unknown command.
You feel very sick.
The foxfire hits the kobold brigand.
The kobold brigand is moderately wounded.
Casting: Foxfire (safe; 4% risk of failure)
Confirm with . or Enter, or press ? or * to list all spells.
You conjure some foxfire!
You feel very sick.
Your foxfire dissipates!
Unknown command.
You feel sick.
The foxfire hits the kobold brigand.
The kobold brigand is heavily wounded.
The foxfire hits the kobold brigand.
The kobold brigand is severely wounded.
Casting: Foxfire (safe; 4% risk of failure)
Confirm with . or Enter, or press ? or * to list all spells.
You conjure some foxfire!
You feel sick.
The kobold brigand throws a curare-tipped dart.
The curare-tipped dart hits you.
You are more poisoned.
You have difficulty breathing.
* * * LOW HITPOINT WARNING * * *
You feel as though you will be slow longer.
It was a potion of might.
You feel very mighty all of a sudden.
* * * LOW HITPOINT WARNING * * *
You feel very sick.
The foxfire hits the kobold brigand but does no damage.
The kobold brigand is heavily wounded.
The foxfire hits the kobold brigand.
The kobold brigand is severely wounded.
Your magical effects are unravelling.
You feel magically purged.
You feel yourself speed up.
You feel a little less mighty now.
* * * LOW HITPOINT WARNING * * *
You feel very sick.
Okay, then.
As you read the scroll labelled TEEK JEGERCHUX, it crumbles to dust.
You feel strangely unstable.
It was a scroll of teleportation.
You die...

### #### ###.####..#
#####..........
###....P.........
#.P..........†...
##................
#@P...............
#!..!).≈≈...P≈≈.......≈
#.∩..'≈≈....≈≈≈≈≈≈...≈P
#)...#≈≈≈.P≈≈≈≈P≈P..≈≈≈
##############≈#######≈
≈≈≈≈≈ ≈≈≈ ≈≈≈≈≈ ≈≈≈ ≈≈


There were no monsters in sight!

Vanquished Creatures
  Terence (D:2)
  6 adders
  2 worms
  3 dart slugs
  10 bats
  5 endoplasms
  3 giant cockroaches
  A goblin (D:1)
  2 hobgoblins (D:1)
  2 jackals (D:3)
  A quokka (D:2)
  14 ball pythons
  5 frilled lizards
  9 kobolds
  13 rats
77 creatures vanquished.

Vanquished Creatures (collateral kills)
  2 foxfires (Sewer)
2 creatures vanquished.

Vanquished Creatures (others)
  183 foxfires
  8 plants
191 creatures vanquished.

Grand Total: 270 creatures vanquished

Notes
Turn   | Place    | Note
-------+----------+-------------------------------------------
     0 | D:1      | Turgor the Demonspawn Fire Elementalist began the quest for
                  | the Orb.
     0 | D:1      | Reached XP level 1. HP: 13/13 MP: 3/3
   284 | D:1      | Found a faded altar of an unknown god.
   348 | D:1      | Gained mutation: You have sharp fingernails. [demonic
                  | ancestry]
   348 | D:1      | Reached XP level 2. HP: 19/19 MP: 1/5
  1218 | D:1      | Gained mutation: A weak demonic guardian rushes to your
                  | aid. [demonic ancestry]
  1218 | D:1      | Reached XP level 3. HP: 24/24 MP: 3/6
  1724 | D:2      | Learned a level 3 spell: Conjure Flame
  1749 | D:2      | Gained mutation: A demonic guardian rushes to your aid.
                  | [demonic ancestry]
  1749 | D:2      | Reached XP level 4. HP: 26/30 MP: 5/8
  1769 | D:2      | Noticed Terence
  2017 | D:2      | Killed Terence
  2100 | D:2      | You fall into a shaft and drop 1 floor!
  2335 | D:3      | Gained mutation: You have very sharp fingernails. [demonic
                  | ancestry]
  2335 | D:3      | Reached XP level 5. HP: 35/35 MP: 7/9
  2431 | D:3      | Found a glowing drain.
  2530 | Sewer    | Entered a sewer
  2657 | Sewer    | HP: 1/35 [poisoned by a kobold brigand (curare-tipped
                  | dart)]
  2658 | Sewer    | Succumbed to a kobold brigand's curare-tipped dart

Illustrated notes

Levels and vault maps discovered:
D:1:      dpeg_arrival_ratfight, layout_loops_ring,
          shapermc_ecumenical_altar_totnotflames, minmay_ruptured
D:2:      layout_basic, uniq_terence
D:3:      layout_loops_corners, grunt_dithmenos_smoke,
          nzn_wu_jian_contemplation, gup_sewer_entry_bubbles,
          small_statue_intersection, minmay_shallow_snake_nest
Sewer:    kennysheep_pipe_town

Skill      XL: |  1  2  3  4 |
---------------+-------------+-----
Fire Magic     | 3 |  3.8
Conjurations   | 2 |  2.9
Spellcasting   | 3 |  3.3
Dodging        | |  1.7
Stealth        | |  1.7

Action                   |  1- 3 |  4- 6 || total
-------------------------+-------+-------++-------
Melee: Dagger            |    57 |     6 ||    63
 Cast: Foxfire           |    57 |    54 ||   111
  Use: Scroll            |     1 |     1 ||     2
       Potion            |       |     2 ||     2
 Stab: Sleeping          |     1 |       ||     1
Armor: Robe              |    22 |     2 ||    24
Dodge: Dodged            |    59 |    17 ||    76
